 Seeded DCSS version 0.30-a0-6-g7c9e10e132 (webtiles) character file.

Game seed: 1 (custom seed)

4216 Kazon the Carver (level 9, -2/117 HPs)
             Began as a Demigod Fighter on Aug 22, 2022.
             Slain by a killer bee (3 damage)
             ... on level 7 of the Dungeon.
             The game lasted 00:24:56 (5651 turns).

Kazon the Carver (Demigod Fighter)                  Turns: 5651, Time: 00:24:57

Health: -2/117     AC: 11    Str: 25    XL:     9   Next: 83%
Magic:  11/11      EV: 12    Int: 10    God:
Gold:   881        SH:  5    Dex: 17    Spells: 8/8 levels left

rFire   . . .      SeeInvis .    q - +6 shillelagh "Devastator" {shatter}
rCold   + . .      Faith    .    c - +0 buckler
rNeg    . . .      Spirit   .    y - +1 ring mail {rC+}
rPois   .          Reflect  .    p - +0 helmet
rElec   .          Harm     .    (no cloak)
rCorr   .          Rampage  .    (no gloves)
Will    .....                    m - +2 pair of boots
Stlth   ..........               k - amulet of regeneration
HPRegen 1.09/turn                I - +4 ring of slaying
MPRegen 0.12/turn                (no ring)

@: berserking, lethally poisoned (-2 -> -7), attractive, flying, very quick
A: high MP 1, forlorn, divine attributes
a: no special abilities


You were on level 7 of the Dungeon.
You visited 1 branch of the dungeon, and saw 8 of its levels.

You collected 1065 gold pieces.
You spent 184 gold pieces at shops.

Inventory:

Hand Weapons
 a - a +0 long sword
 e - a +2 dagger of venom
 q - the +6 shillelagh "Devastator" (weapon) {shatter}
   (You found it on level 6 of the Dungeon)

   It releases a powerful concussive burst when it strikes, dealing extra damage
   to the target and all other foes adjacent to them.
 s - the +3 falchion of Winter {venom, rCorr}
   (You bought it in a shop on level 3 of the Dungeon)

   It poisons the flesh of those it strikes.
   rCorr:     It protects you from acid and corrosion.
Missiles
 i - 21 poisoned darts (quivered)
 l - 44 stones
 o - 6 boomerangs
 r - 2 throwing nets
 w - 3 boomerangs of dispersal
 H - 3 curare-tipped darts
Armour
 c - a +0 buckler (worn)
 m - a +2 pair of boots (worn)
 p - a +0 helmet (worn)
 y - a +1 ring mail of cold resistance (worn)
Jewellery
 k - an amulet of regeneration (around neck)
 F - a ring of magical power
 I - a +4 ring of slaying (left hand)
Wands
 B - a wand of mindburst (12)
 C - a wand of flame (12)
Scrolls
 b - a scroll of vulnerability {unknown}
 f - 6 scrolls of identify {unknown}
 j - 2 scrolls of immolation {unknown}
 t - a scroll of fog {unknown}
 u - 2 scrolls of enchant weapon {unknown}
 z - a scroll of blinking {unknown}
 J - a scroll of teleportation {unknown}
Potions
 d - a potion of might
 g - a potion of flight
 h - a potion of attraction
 v - a potion of magic {unknown}
 x - a potion of curing {unknown}
 A - a potion of ambrosia {unknown}
 D - a potion of heal wounds
 E - a potion of mutation {unknown}
 G - a potion of brilliance {unknown}


   Skills:
 * Level 6.4 Fighting
 + Level 8.0 Long Blades
 + Level 2.3 Maces & Flails
 + Level 2.6 Throwing
 + Level 5.5 Armour
 + Level 3.4 Dodging
 + Level 1.0 Stealth
 + Level 4.6 Shields
 * Level 3.7 Evocations


You had 8 spell levels left.
You didn't know any spells.
Your spell library contained the following spells:

 Spells                   Type           Power      Damage    Failure   Level
 Apportation              Tloc           0%         N/A       58%         1
 Necrotise                Necr           0%         1d4       58%         1
 Sting                    Tmut/Pois      0%         1d3       58%         1
 Summon Small Mammal      Summ           0%         N/A       58%         1
 Ensorcelled Hibernation  Hex/Ice        0%         N/A       73%         2
 Poisonous Vapours        Pois/Air       0%         N/A       73%         2
 Spider Form              Tmut/Pois      0%         N/A       91%         3
 Anguish                  Hex/Necr       0%         N/A       100%        4
 Olgreb's Toxic Radiance  Pois           0%         N/A       100%        4


Dungeon Overview and Level Annotations

Branches:
Dungeon (8/15)             Temple (0/1) D:7
   Lair: D:8-11

Shops:
D:3 (   D:7 *


Innate Abilities, Weirdness & Mutations

You have an increased reservoir of magic. (+10% MP)
You shall have no god before yourself.
Your divine heritage dramatically boosts your attributes as you level up.


Message History

The killer bee barely misses you. The killer bee stings you.
You are more poisoned.
The killer bee poisons you!
You miss the killer bee.
The killer bee is lightly wounded.
You feel very sick.
The killer bee barely misses you. x2; The killer bee stings you.
* * * LOW HITPOINT WARNING * * *
You are more poisoned.
The killer bee poisons you!
The killer bee attacks as you move away!
The killer bee barely misses you.
You feel very sick. The centaur is attracted toward you.
There is a stone staircase leading up here.
You feel very sick.
The killer bee stings you but does no damage.
The killer bee stings you.
* * * LOW HITPOINT WARNING * * *
You block the killer bee's attack. The killer bee completely misses you.
You fly upwards.
You feel very sick.
There is a stone staircase leading down here.
You miss the killer bee.
The killer bee is lightly wounded.
You feel very sick. The killer bee closely misses you.
The killer bee barely misses you. The killer bee stings you.
* * * LOW HITPOINT WARNING * * *
You are lethally poisoned!
The killer bee poisons you! The killer bee closely misses you.
It was a potion of berserk rage.
A red film seems to cover your vision as you go berserk!
You feel yourself moving faster!
You feel mighty!
* * * LOW HITPOINT WARNING * * *
You feel very sick. You block the killer bee's attack.
The killer bee stings you.
* * * LOW HITPOINT WARNING * * *
The killer bee closely misses you. The killer bee stings you.
You die...

#.# ######.#.# #######.# #.#.#
~≈#.....#### ###### #.#'######
#~~≈~~~..).###....# #.........
#.~..~~~~#..##....# #.........
#.#.###≈≈≈#.##....######.........
#.......≈........................
###.######################.######
#.# #@y.........# #.#########
#y##.#####..#### ##........#
#.##...........###
#........####.##........8⌠....
#.........##.................#
#####'#'####............8⌠.>.#
####....#.# #..................
#.~.#.###.####............8⌠.###
#.~...###.#.....##...........#


You could see 2 killer bees.

Vanquished Creatures
  Maggie (D:7)
  A troll (D:7)
  Eustachio (D:4)
  Duvessa (D:5)
  A water moccasin (D:4)
  An orc warrior (D:8)
  2 ice beasts (D:6)
  3 black bears
  6 ogres
  2 phantoms
  A kobold brigand (D:7)
  5 bullfrogs
  2 necrophages (D:5)
  5 scorpions
  5 wights (D:7)
  Dowan (D:5)
  3 killer bees (D:8)
  2 howler monkeys
  A jelly (D:6)
  3 orc priests
  8 hounds
  4 iguanas
  Natasha (twice) (D:4)
  5 orc wizards
  7 gnolls
  2 adders (D:2)
  An ufetubus (D:4)
  2 worms
  3 dart slugs
  29 orcs
  7 endoplasms
  A giant cockroach (D:1)
  8 goblins
  12 hobgoblins
  7 jackals
  12 kobolds
  4 quokkas
  5 ball pythons
  2 bats
  4 frilled lizards
  5 rats
177 creatures vanquished.

Notes
Turn   | Place    | Note
-------+----------+-------------------------------------------
     0 | D:1      | Kazon the Demigod Fighter began the quest for the Orb.
     0 | D:1      | Reached XP level 1. HP: 18/18 MP: 3/3
    89 | D:1      | Identified a scroll of acquirement
    89 | D:1      | Acquired 658 gold pieces
   489 | D:1      | Reached XP level 2. HP: 25/25 MP: 4/4
   538 | D:1      | Reached skill level 2 in Long Blades
   936 | D:2      | Reached XP level 3. HP: 12/30 MP: 5/5
  1129 | D:3      | Found Umat's Antique Weapon Boutique.
  1141 | D:3      | Bought a crude falchion for 184 gold pieces
  1141 | D:3      | Identified the +3 falchion of Winter {venom, rCorr} (You
                  | bought it in a shop on level 3 of the Dungeon)
  1665 | D:2      | Reached skill level 3 in Long Blades
  1665 | D:2      | Reached XP level 4. HP: 37/37 MP: 6/6
  1858 | D:3      | Reached skill level 1 in Throwing
  2213 | D:4      | You fall into a shaft and drop 1 floor!
  2213 | D:5      | Entered Level 5 of the Dungeon
  2227 | D:5      | Noticed an ogre
  2233 | D:5      | Killed an ogre
  2234 | D:5      | Reached XP level 5. HP: 45/45 MP: 7/7
  2317 | D:5      | Reached skill level 1 in Dodging
  2446 | D:5      | Reached skill level 4 in Long Blades
  2446 | D:5      | Reached XP level 6. HP: 51/51 MP: 8/8
  2668 | D:4      | Reached skill level 5 in Long Blades
  2668 | D:4      | Reached XP level 7. HP: 56/58 MP: 9/9
  2780 | D:4      | Noticed Natasha
  2786 | D:4      | Killed Natasha
  2966 | D:4      | Noticed Natasha
  2972 | D:4      | Killed Natasha
  3000 | D:4      | HP: 2/59 [ogre/+0 giant club (18)]
  3189 | D:4      | Reached XP level 8. HP: 48/67 MP: 10/10
  3459 | D:4      | Noticed Eustachio
  3473 | D:4      | Killed Eustachio
  3474 | D:4      | Reached skill level 6 in Long Blades
  4043 | D:5      | Noticed Dowan
  4044 | D:5      | Noticed Duvessa
  4059 | D:5      | Killed Duvessa
  4060 | D:5      | Reached skill level 1 in Evocations
  4062 | D:5      | Killed Dowan
  4063 | D:5      | Reached skill level 5 in Fighting
  4222 | D:6      | Found the +6 shillelagh "Devastator" {shatter}
  4261 | D:6      | Reached skill level 5 in Armour
  4277 | D:6      | Reached skill level 7 in Long Blades
  4311 | D:6      | Reached XP level 9. HP: 70/74 MP: 11/11
  4776 | D:7      | Found a staircase to the Ecumenical Temple.
  4901 | D:7      | Reached skill level 8 in Long Blades
  4901 | D:7      | Reached skill level 1 in Maces & Flails
  4990 | D:7      | Found Binerhev's Lightly-Used Armoury.
  5013 | D:7      | Noticed Maggie
  5026 | D:7      | Killed Maggie
  5027 | D:7      | Reached skill level 1 in Stealth
  5651 | D:7      | HP: 4/117 [poisoned by a killer bee]
  5651 | D:7      | HP: 1/117 [killer bee (3)]
  5651 | D:7      | Slain by a killer bee

Illustrated notes

Levels and vault maps discovered:
D:1:      dpeg_arrival_three_smaller_balls, layout_basic
D:2:      layout_loops_ring
D:3:      layout_basic, serial_shops, nicolae_shop_stone, st_stairs_7
D:4:      minmay_razor_zed, layout_basic, worldfamousw_hep_ancestral_shrine,
          uniq_eustachio, uniq_natasha
D:5:      layout_basic, uniq_duvessa
D:6:      layout_rooms, dilly_guarded_unrand_devastator
D:7:      layout_basic, nicolae_uskayaw_dance_hall,
          mainiacjoe_overflow_six_doors_small,
          minmay_temple_entry_drinking_statues, serial_rivers,
          chequers_serial_rivers_micro_b, chequers_serial_rivers_small_a,
          chequers_serial_rivers_small_a, chequers_serial_rivers_large_a,
          chequers_serial_rivers_micro_a, minmay_shop_damaged, uniq_maggie
D:8:      minmay_tri_box, layout_loops_ring, gammafunk_ghost_cemetery,
          minmay_manual_mares

Skill      XL: |  1  2  3  4  5  6  7  8  9 |
---------------+----------------------------+-----
Armour         | 3 4 5 |  5.5
Long Blades    | 2 3 4 5 7 8 |  8.0
Throwing       | 1 2 |  2.6
Fighting       | 3 4 5 6 |  6.4
Shields        | 3 4 |  4.6
Dodging        | 1 2 3 |  3.4
Evocations     | 2 3 |  3.7
Maces & Flails | 2 |  2.3
Stealth        | 1 |  1.0

Action                   |  1- 3 |  4- 6 |  7- 9 || total
-------------------------+-------+-------+-------++-------
Melee: Long sword        |    74 |       |       ||    74
       Falchion          |    39 |   127 |   258 ||   424
       Shillelagh        |       |       |    55 ||    55
Throw: Stone             |     8 |    12 |    16 ||    36
       Dart              |       |     3 |     9 ||    12
  Use: Scroll            |     1 |       |       ||     1
       Potion            |       |       |     5 ||     5
Armor: Scale mail        |    56 |    30 |       ||    86
       Ring mail         |       |    17 |   119 ||   136
Dodge: Dodged            |    56 |    61 |   164 ||   281
Block: Buckler           |    18 |    23 |    65 ||   106

Table legend: (Time is in decaauts)
 A = Elapsed time spent in this place.
 B = Non-inter-level travel time spent in this place.
 C = Inter-level travel time spent in this place.
 D = Time resting spent in this place.
 E = Time spent auto-exploring this place.
 F = Levels seen in this place.
 G = Mean time per level.
                   A        B        C        D        E       F      G
               +--------+--------+--------+--------+--------+-----+--------+
         Total |   5724 |   5536 |    188 |      0 |   2493 |   8 |  715.5 |
       Dungeon |   5724 |   5536 |    188 |      0 |   2493 |   8 |  715.5 |
               +--------+--------+--------+--------+--------+-----+--------+

Top non-repeatable levels by time:
     D:4: 1178 daAuts
     D:7: 936 daAuts
     D:1: 926 daAuts
     D:5: 778 daAuts
     D:2: 679 daAuts
     D:3: 676 daAuts
     D:6: 526 daAuts
     D:8: 22 daAuts
